 Dungeon Crawl Stone Soup version 0.16-a0-3154-g62f4276 (webtiles) character file.

65 jersan95 the Insei (level 3, -2/25 HPs)
             Began as a Lacertilian Monk on Mar 30, 2015.
             Slain by an orc wizard
             ... wielding a +1 dagger of speed
              (4 damage)
             ... on level 3 of the Dungeon.
             The game lasted 00:04:24 (1598 turns).

jersan95 the Insei (Lacertilian Monk)               Turns: 1598, Time: 00:04:24

Health: -2/25      AC: 12    Str: 11    XL:     3   Next: 92%
Magic:  3/3        EV: 13    Int: 15    God:
Gold:   194        SH:  0    Dex: 16    Spells: 0 memorised, 2 levels left

rFire  + . .     SeeInvis .     l - +0 short sword
rCold  + . .     Clarity  .     a - +0 robe
rNeg   . . .     SustAb   .     (no shield)
rPois  +         Gourm    .     j - +1 helmet
rElec  +         Spirit   .     (no cloak)
rCorr  +         Warding  .     h - +0 pair of gloves
rMut   .         Stasis   .     (no boots)
MR     .....                    (no amulet)
Stlth  ++........               (no ring)
                                g - +4 ring of protection

@: confused, brilliant, resistant, not resistant to hostile enchantments,
unstealthy
A: strong connection with the divine, slimy green scales 2, camouflage 1
a: no special abilities


You were on level 3 of the Dungeon.
You were not hungry.

You visited 1 branch of the dungeon, and saw 3 of its levels.

You collected 194 gold pieces.

Inventory:

Hand weapons
 l - a +0 short sword (weapon)
Armour
 a - a +0 robe (worn)
 h - a +0 pair of gloves (worn)
 j - a +1 helmet (worn)
 r - a +2 large shield
Jewellery
 g - a +4 ring of protection (left hand)
Scrolls
 c - 4 scrolls of identify
 d - 2 scrolls of immolation {unknown}
 e - a scroll of blinking {unknown}
 i - 2 scrolls of random uselessness {unknown}
 k - 2 scrolls of remove curse {unknown}
 o - a scroll of teleportation {unknown}
 s - a scroll of recharging {unknown}
Comestibles
 b - 3 bread rations
 n - a beef jerky
 p - a meat ration


   Skills:
 - Level 2.4 Fighting
 * Level 2.3 Short Blades
 - Level 3.0 Dodging
 - Level 2.4 Stealth
 - Level 4.2 Unarmed Combat


You had 2 spell levels left.
You didn't know any spells.

Dungeon Overview and Level Annotations

Branches:
Dungeon (3/15)

Altars:
Xom


Innate Abilities, Weirdness & Mutations

You have a strong connection with the divine.
You may change religions without suffering divine wrath.
You are mostly covered in slimy green scales (AC +3).
Your skin changes colour to match your surroundings (Stealth).


Message History

The orc wizard barely misses you.
The orc wizard hits you with a dagger of speed.
You barely miss the orc wizard.
The orc wizard is heavily wounded.
The orc wizard points at you and mumbles some strange words.
The puff of flame hits you!
* * * LOW HITPOINT WARNING * * *
The orc wizard looks braver.
All of the chunks of flesh in your inventory have rotted away.
Drink which item? (? for menu, Esc to quit)
It was a potion of resistance.
You feel protected.
The orc wizard points at you and mumbles some strange words.
The puff of frost hits you! You resist.
* * * LOW HITPOINT WARNING * * *
Drink which item? (? for menu, Esc to quit)
It was a potion of brilliance.
You feel clever all of a sudden.
The orc wizard hits you with a dagger of speed.
You die...

##.#†..## #.....#
# ..####..#..###..
..........#.......
.......#.........
...#####..##.....
=. #..# ...
#####..# #.....@#
.....####o# .# #†#
#l)......[
##..#l.$. ### ..


You could see an orc wizard and a giant newt.

Vanquished Creatures
  An adder (D:3)
  A giant mite (D:2)
  A worm (D:2)
  2 giant geckos
  2 orcs (D:3)
  2 bats
  A giant cockroach (D:2)
  5 goblins
  8 hobgoblins
  3 jackals (D:1)
  2 giant newts (D:2)
  4 kobolds
  8 rats
40 creatures vanquished.

Notes
Turn   | Place    | Note
--------------------------------------------------------------
     0 | D:1      | jersan95, the Lacertilian Monk, began the quest for the Orb.
     0 | D:1      | Reached XP level 1. HP: 15/15 MP: 1/1
   338 | D:1      | Reached skill level 4 in Unarmed Combat
   342 | D:1      | Reached XP level 2. HP: 16/20 MP: 2/2
   931 | D:2      | Reached skill level 1 in Short Blades
   949 | D:2      | Reached XP level 3. HP: 25/25 MP: 3/3
  1283 | D:2      | Found a shimmering altar of Xom.
  1597 | D:3      | HP: 1/25 [orc wizard/puff of frost (4)]
  1598 | D:3      | Slain by an orc wizard

Action                   || total
-------------------------++-------
Melee: Unarmed           ||    43
       Short sword       ||   104
  Use: Scroll            ||     2
       Potion            ||     2
 Stab: Sleeping          ||     7
       Distracted        ||     1
  Eat: Chunk             ||     2
